cohdb
Replays
Latest Replays
All Replays
Popular Replays
Top Player Replays
Match Explorer
How It Works
Community
CoH3 Stats
Reddit
Sign in to upload your games and track your stats! →
Sign in with Steam
Match 40684786
Unlisted
Match 40684786
Overview
Messages
Build Orders
End
Construct Infanterie Kompanie
Selects Terror Battlegroup
Selects Machine Gun Camouflage
MG 42 Machine Gun Team
Grenadier Squad
Grenadier Squad
Medical Station
Construct Panzergrenadier Kompanie
Panzergrenadier Squad
Pak 40 Anti-tank Gun Team
MG 42 Machine Gun Team
Panzergrenadier Squad
Selects Contempt for the Weak
Selects Propaganda Leaflet Drop
Construct Panzer Kompanie
Propaganda Leaflet Drop
Panzer IV Medium Tank
MG 42 Machine Gun Team
Grenadier Squad
Selects V1 Rocket Strike
Side Skirts
Propaganda Leaflet Drop
Panzer IV Medium Tank
Grenadier Squad
MG 42 Machine Gun Team
Scavenger
Comrade Dog
[HAN]lookrainbow
はちみつレモン
Dahlian
Random_Target
just a chill world leader ♡
Turtleboy
0
0
Comments
sign in to comment!
No comments posted yet!